 Dungeon Crawl Stone Soup version 0.29.0-4-gdea44cf6ec (webtiles) character file.

Game seed: 4984949243218501705

0 qw the Sneak (level 1, -3/14 HPs)
             Began as a Gargoyle Delver on Sept 10, 2022.
             Killed from afar by a white imp (7 damage)
             ... with a puff of frost
             ... on level 5 of the Dungeon.
             The game lasted 00:00:01 (23 turns).

qw the Sneak (Gargoyle Delver)                        Turns: 23, Time: 00:00:01

Health: -3/14      AC:  5    Str: 15      XL:     1   Next: 0%
Magic:  1/1        EV: 11    Int: 10      God:
Gold:   0          SH:  0    Dex:  9 (11) Spells: 0/0 levels left

rFire   . . .      SeeInvis .   a - +0 hand axe
rCold   . . .      Faith    .   (no shield)
rNeg    + . .      Spirit   .   b - +0 leather armour
rPois   inf        Reflect  .   (no helmet)
rElec   +          Harm     .   (no cloak)
rCorr   .          Rampage  .   (no gloves)
Will    .....                   (no boots)
Stlth   ++........              (no amulet)
HPRegen 0.04/turn               (no ring)
MPRegen 0.07/turn               (no ring)

@: no status effects
A: sickness immunity, AC +2, negative energy resistance 1, electricity
resistance, torment resistance 1, petrification resistance
a: no special abilities


You were on level 5 of the Dungeon.
You visited 1 branch of the dungeon, and saw 1 of its levels.


Innate Abilities, Weirdness & Mutations

You are immune to sickness and miasma.
Your stone body is resilient. (AC +2)
You are immune to poison.
You resist negative energy. (rN+)
You are resistant to electric shocks. (rElec)
You are resistant to unholy torment.
You are immune to petrification.


   Skills:
 - Level 3.2 Fighting
 + Level 1.7 Axes
 - Level 1.5 Dodging
 - Level 5.4 Stealth


You couldn't memorise any spells.
You didn't know any spells.
Your spell library was empty.

Inventory:

Hand Weapons
 a - a +0 hand axe (weapon)
Armour
 b - a +0 leather armour (worn)
Wands
 g - a wand of digging (3)
Scrolls
 c - a scroll of fog
 d - a scroll of magic mapping
 e - a scroll of fear
Potions
 f - a potion of haste

Dungeon Overview and Level Annotations

Branches:
Dungeon (5/15)
 Temple: D:4-7

Altars:


Message History

You hit the quasit.
The quasit is moderately wounded.
You hit the white imp. x2
A nearby demonic plant withers and dies.
The quasit bites you but does no damage.
The quasit claws you but does no damage.
The quasit claws you.
You feel clumsy. The quasit bites you.
You feel clumsy.
The quasit claws you but does no damage. x2
The white imp barely misses you.
The white imp hits you but does no damage.
You hit the quasit but do no damage.
The quasit is moderately wounded.
You hit the white imp but do no damage. You barely miss the white imp.
The quasit bites you but does no damage.
The quasit claws you but does no damage. x2
The white imp closely misses you. The white imp gestures at you.
The puff of frost hits you.
You miss the quasit.
The quasit is moderately wounded.
You closely miss the white imp. x2
The quasit barely misses you.
The quasit claws you but does no damage.
The quasit claws you.
The white imp hits you but does no damage. x2
The quasit bites you but does no damage.
The quasit closely misses you. x2
You miss the quasit.
The quasit is moderately wounded.
You barely miss the white imp. You closely miss the white imp.
The quasit misses you.
The quasit claws you but does no damage.
The quasit barely misses you. The white imp gestures at you.
The puff of frost hits you!
Ouch! That really hurt!
You die...

#..#.# ###..#.#
....#.# #.[...#
+..~~.# #.P¤~.#
. #.555.#.#
#..@#.#.##
#...#.....
#...#..#
#......#
##....## .
#.....# ...
###.....#
.....###.......#
.........##....#


You could see a quasit and 2 white imps.

Vanquished Creatures (others)
  A demonic plant (D:5)
1 creature vanquished.

Notes
Turn   | Place    | Note
-------+----------+-------------------------------------------
     0 | D:5      | qw the Gargoyle Delver began the quest for the Orb.
     0 | D:5      | Reached XP level 1. HP: 14/14 MP: 1/1
     0 | D:5      | 0 ||| qw: Version: 0.1-a-116-g5d60599
     0 | D:5      | 0 ||| qw: Game counter: 8763
     0 | D:5      | 0 ||| qw: Always use a shield: true
     0 | D:5      | 0 ||| qw: God list: Okawaru
     0 | D:5      | 0 ||| qw: Allow faded altars: false
     0 | D:5      | 0 ||| qw: Do Orc after D:15 true
     0 | D:5      | 0 ||| qw: Do second Lair branch before Depths: true
     0 | D:5      | 0 ||| qw: Lair rune preference: random
     0 | D:5      | 0 ||| qw: Plans: Normal
     0 | D:5      | 0 ||| PLANNING D:1-11
     8 | D:5      | Identified the +5 trident "Hydrabane" {pain, rN+ Will+}
    18 | D:5      | Noticed a quasit
    22 | D:5      | HP: 3/14 [quasit (2)]
    23 | D:5      | Killed from afar by a white imp

Levels and vault maps discovered:
D:5:      layout_basic, gammafunk_temple_overflow_elements, serial_demonic,
          serial_demonic_f, serial_demonic_c, serial_demonic_a,
          serial_demonic_g, serial_demonic_c, serial_demonic_a,
          serial_demonic_g, serial_demonic_a, serial_demonic_b,
          serial_demonic_f, minmay_quadrilaterals

Action                   || total
-------------------------++-------
Melee: Hand axe          ||     4
Armor: Leather armour    ||    13
Dodge: Dodged            ||     8

Table legend:
 A = Non-vault XP
 B = Vault XP
 C = Vault XP percentage of total XP
 D = Non-vault monster count
 E = Vault monster count
 F = Vault count percentage of total count
                 A         B        C        D         E       F
            +---------+---------+-------+---------+---------+-------
      Total |       0 |       0 |   N/A |       0 |       0 |  -nan
            +---------+---------+-------+---------+---------+-------
            +---------+---------+-------+---------+---------+-------
